AoeStats
← OnyxEnquiry

Arabia

510616803Analyzed
1v1 RM · 1d ago on Oct 1, 2026· 55m 7s· 2 players
Game mode
Random Map
Map size
Tiny (2 player)
Population
200
Speed
Normal
Resources
Standard
Victory
Conquest
Starting age
Dark Age
Ending age
Imperial Age
RankedLock teamsTeams togetherTeam positionsShared explorationLock speedFull tech treeHidden civsTurbo modeCheats
Victory
Defeat
🇦🇷 Vietnamese · Argentina
874
+16
🇬🇧 Saxons · United Kingdom
866
-16
OnyxEnquiry
4:20 Loom
11:54 Feudal Age
14:41 Bloodlines
15:57 Forging
20:18 Horse Collar
20:27 Double-Bit Axe
20:49 Man-at-Arms
25:37 Fletching
31:53 Castle Age
30:30 Gold Mining
42:09 Bodkin Arrow
Luchov
5:43 Loom
9:55 Feudal Age
13:40 Fletching
14:28 Padded Archer Armor
30:58 Bloodlines
31:13 Scale Barding Armor
36:39 Castle Age
37:04 Forging
37:20 Crossbowman
39:33 Bodkin Arrow
40:50 Chain Barding Armor
41:06 Iron Casting
41:13 Thumb Ring
44:21 Leather Archer Armor
52:09 Husbandry
53:41 Double-Bit Axe
53:38 Horse Collar
55:52 Wheelbarrow
55:26 Town Watch
Connection lost

Rejoining the realm…

Still unreachable

The connection could not be restored.

Session expired

The server has moved on; the page needs a fresh start.